AoeStats
← NeessQuiick

Arena

510039585Analyzed
4v4 RM · 2d ago on Sep 29, 2026· 36m 5s· 8 players
Game mode
Random Map
Map size
Large (8 player)
Population
200
Speed
Normal
Resources
Standard
Victory
Conquest
Starting age
Dark Age
Ending age
Imperial Age
RankedLock teamsTeams togetherTeam positionsShared explorationLock speedFull tech treeHidden civsTurbo modeCheats
Victory
Defeat
🇺🇸 Saracens · United States
1049
+13
🇲🇽 Goths · Mexico
1025
+14
🇲🇽 Mongols · Mexico
1012
+14
🇲🇽 Malians · Mexico
964
+16
🇹🇼 Wei · Taiwan
1003
-15
🇲🇽 Magyars · Mexico
987
-15
🇨🇳 Khmer · China
963
-14
🇲🇽 Saracens · Mexico
934
-13
IP s y k d A
5:51 Loom
13:07 Feudal Age
13:44 Double-Bit Axe
19:20 Castle Age
19:09 Horse Collar
19:22 Gold Mining
20:30 Bow Saw
20:22 Heavy Plow
23:00 Scale Barding Armor
23:06 Forging
23:29 Town Watch
24:07 Chain Barding Armor
25:29 Husbandry
26:30 Bloodlines
27:12 Iron Casting
28:00 Wheelbarrow
29:39 Hand Cart
30:23 Town Patrol
31:21 Crossbowman
HiramSanJuan
0:29 Loom
11:22 Feudal Age
16:32 Castle Age
14:25 Double-Bit Axe
14:49 Horse Collar
16:51 Gold Mining
25:56 Light Cavalry
28:29 Wheelbarrow
31:30 Guard Tower
35:23 Imperial Age
33:33 Bloodlines
33:24 Husbandry
34:54 Scale Barding Armor
34:40 Fletching
一直嬉皮笑臉
2:15 Loom
10:22 Feudal Age
11:14 Double-Bit Axe
11:11 Horse Collar
12:48 Wheelbarrow
16:55 Castle Age
16:52 Stone Mining
20:21 Gold Mining
20:56 Bow Saw
23:31 Fortified Wall
25:55 Bloodlines
27:29 Heavy Plow
33:24 Imperial Age
31:43 Scale Barding Armor
32:04 Forging
32:52 Husbandry
33:57 Hand Cart
33:56 Heavy Hei Guang Cavalry
猪头
11:04 Feudal Age
14:04 Castle Age
12:13 Horse Collar
12:24 Double-Bit Axe
15:59 Bow Saw
15:50 Heavy Plow
15:44 Loom
23:00 Wheelbarrow
22:15 Town Watch
29:53 Imperial Age
Nemesis
9:32 Loom
11:32 Feudal Age
15:39 Castle Age
14:22 Double-Bit Axe
18:13 Fletching
21:41 Scale Barding Armor
30:34 Imperial Age
28:40 Wheelbarrow
31:32 Hand Cart
32:45 Pikeman
richi_maron_90
13:13 Feudal Age
17:46 Castle Age
30:23 Double-Bit Axe
30:21 Horse Collar
35:06 Imperial Age
33:15 Wheelbarrow
35:04 Gold Mining
35:17 Heavy Plow
35:31 Bow Saw
35:01 Man-at-Arms
35:02 Pikeman
35:42 Squires
35:28 Arson
35:54 Long Swordsman
36:57 Conscription
36:38 Farimba
36:01 Elite Gbeto
NeessQuiick
10:49 Feudal Age
12:39 Double-Bit Axe
15:08 Castle Age
13:17 Horse Collar
19:16 Loom
23:39 Wheelbarrow
29:43 Imperial Age
27:32 Fletching
27:43 Padded Archer Armor
27:50 Gold Mining
27:53 Stone Mining
29:15 Murder Holes
29:56 Bow Saw
31:36 Ballistics
31:12 Pikeman
31:53 Squires
32:13 Bodkin Arrow
35:29 Bracer
35:45 Leather Archer Armor
35:36 Scale Barding Armor
36:55 Chemistry
Alexitobb
12:41 Feudal Age
16:28 Castle Age
17:18 Wheelbarrow
16:31 Double-Bit Axe
18:36 Horse Collar
22:10 Heavy Plow
21:58 Loom
23:46 Gold Mining
24:16 Bow Saw
28:07 Pikeman
28:48 Squires
29:07 Forging
28:58 Scale Mail Armor
29:46 Padded Archer Armor
29:37 Fletching
30:52 Anarchy
31:37 Chain Mail Armor
31:18 Stone Mining
35:14 Hand Cart
36:24 Iron Casting
35:44 Bodkin Arrow
36:05 Leather Archer Armor
39:05 Imperial Age
Connection lost

Rejoining the realm…

Still unreachable

The connection could not be restored.

Session expired

The server has moved on; the page needs a fresh start.